 Dungeon Crawl Stone Soup version 0.30.0-5-g1a98f26d00 (webtiles) character file.

Game seed: 3771782909332589076

267 Edyrem the Poker (level 6, 0/52 HPs)
             Began as a Merfolk Monk on May 9, 2023.
             Slain by a quokka (4 damage)
             ... in a sewer.
             The game lasted 00:06:15 (2180 turns).

Edyrem the Poker (Merfolk Monk)                     Turns: 2180, Time: 00:06:15

Health: 0/52       AC:  6    Str: 14    XL:     6   Next: 21%
Magic:  6/6        EV: 13    Int:  9    God:
Gold:   136        SH:  0    Dex: 16    Spells: 5/5 levels left

rFire   . . .        a - +0 spear
rCold   . . .        d - orb {light}
rNeg    + . .        h - +0 scale mail
rPois   .            (no helmet)
rElec   .            (no cloak)
rCorr   +            (no gloves)
SInv    .            (no boots)
Will    .....        (no amulet)
Stlth   +            u - ring of resist corrosion
HPRegen 0.28/turn    r - ring of positive energy
MPRegen 0.10/turn

%: no passive effects
@: flying, glowing, very quick
A: nimble swimmer 2, mertail
a: no special abilities


You were in a sewer.
You visited 1 branch of the dungeon, and saw 3 of its levels.
You also visited: Sewer.

You collected 136 gold pieces.

Inventory:

Hand Weapons
 a - a +0 spear (weapon)
Missiles
 w - 2 poisoned darts (quivered)
Armour
 b - a +0 robe
 d - an orb of light (worn)
 h - a +0 scale mail (worn)
Jewellery
 j - a ring of ice
 o - an amulet of magic regeneration
 r - a ring of positive energy (right hand)
 s - a ring of wizardry
 u - a ring of resist corrosion (left hand)
Scrolls
 f - 5 scrolls of identify {unknown}
 i - a scroll of vulnerability {unknown}
 m - a scroll of magic mapping {unknown}
 n - 2 scrolls of noise {unknown}
 p - 2 scrolls of teleportation {unknown}
 q - 2 scrolls of immolation {unknown}
 v - a scroll of fear {unknown}
Potions
 c - a potion of ambrosia
 e - 3 potions of curing {@q2}
 g - 2 potions of flight
 k - a potion of cancellation {unknown}
 l - a potion of might {unknown}
 t - a potion of invisibility {unknown}


   Skills:
 * Level 5.7 Fighting
 * Level 6.9 Polearms
 - Level 4.0 Dodging


You had 5 spell levels left.
You didn't know any spells.
Your spell library contained the following spells:

 Spells                   Type           Power      Damage    Failure   Level
 Apportation              Tloc           0%         N/A       88%         1
 Necrotise                Necr           0%         1d4       88%         1
 Summon Small Mammal      Summ           0%         N/A       88%         1


Dungeon Overview and Level Annotations

Branches:
Dungeon (3/15)              Sewer (1/1)

Altars:
Ashenzari
Ru
Wu Jian


Innate Abilities, Weirdness & Mutations

You are very nimble when in or above water. (Stealth+, EV+, Speed+++)
Your lower body shifts to a powerful aquatic tail in water.


Message History

You closely miss the bullfrog.
The bullfrog is severely wounded.
The bullfrog barely misses you. The endoplasm closely misses you.
You barely miss the bullfrog. You tail-slap the bullfrog.
The bullfrog is almost dead.
The bullfrog hits you.
* * * LOW HITPOINT WARNING * * *
The endoplasm hits you.
* * * LOW HITPOINT WARNING * * *
You barely miss the bullfrog.
The bullfrog is almost dead.
The bullfrog closely misses you. The bullfrog barely misses you.
The endoplasm splashes around in the water.
You hit the bullfrog.
The bullfrog is almost dead.
The bullfrog barely misses you.
You hit the bullfrog.
You kill the bullfrog!
The endoplasm barely misses you.
You have reached level 6!
You hit the giant cockroach but do no damage.
You tail-slap the giant cockroach, but do no damage.
The endoplasm freezes you.
You are frozen.
* * * LOW HITPOINT WARNING * * *
You hit the giant cockroach. You tail-slap the giant cockroach.
You kill the giant cockroach!
The endoplasm freezes you.
You are frozen.
* * * LOW HITPOINT WARNING * * *
You hit the quokka.
The quokka is heavily wounded.
The endoplasm freezes you.
You are frozen.
* * * LOW HITPOINT WARNING * * *
It was a potion of flight.
You feel very buoyant.
Your tail turns into legs as you fly out of the water.
The quokka bites you.
You die...

.~~##~.~##≈~...~~~≈≈ ##~.~##~~~#
~~~#.~~~#≈~~.)[?.~~~ #..~~#.~~#
..~#.~~~#~~.?[=.~~~~ #.~~~#~.~#
.~.#~~~~#~~~~$~~~~.~ #~~~~#~~~#
.~~##~~~#~.~.†..~.~≈ ##†~~##~~.#
~~~~#~~~#~~JB~~.~.≈≈##~..~#~~~~#
#~~~##†~##~.#~~~≈≈###~~~~##~~~##
#~.~.##.~#.~#######~~~~~##..~~#
##.~~†#~~##...~J@~~.~~###.~~~##
##~..~~.~#..~~r~~~####~~~~~##
####~.~#######~∩~#~~~.~~.##
##~~#~~.~~#####.~~~#####
####~~~~~†~~~~†####~.∩#
#~~~#########~...~##
#.~~~.~~~~~~..∩.###
#~.~~~~~~.~.##### #############


You could see an endoplasm and a quokka.

Vanquished Creatures
  2 bullfrogs (Sewer)
  6 adders
  2 dart slugs
  An orc (D:3)
  9 ball pythons
  8 endoplasms
  10 giant cockroaches
  3 hobgoblins
  2 jackals (D:1)
  12 quokkas
  4 bats
  7 frilled lizards
  3 goblins
  3 kobolds
  5 rats
77 creatures vanquished.

Notes
Turn   | Place    | Note
-------+----------+-------------------------------------------
     0 | D:1      | Edyrem the Merfolk Monk began the quest for the Orb.
     0 | D:1      | Reached XP level 1. HP: 18/18 MP: 1/1
    65 | D:1      | You fall into a shaft and drop 1 floor!
    65 | D:2      | Found a faded altar of an unknown god.
   385 | D:1      | Reached XP level 2. HP: 24/24 MP: 2/2
  1104 | D:2      | Reached XP level 3. HP: 30/30 MP: 3/3
  1196 | D:2      | Reached skill level 5 in Polearms
  1604 | D:3      | Reached XP level 4. HP: 33/38 MP: 4/4
  1760 | D:3      | Found a broken altar of Ashenzari.
  1761 | D:3      | Found an ornate altar of the Wu Jian Council.
  1762 | D:3      | Found a sacrificial altar of Ru.
  1783 | D:3      | Found a glowing drain.
  1814 | Sewer    | Entered a sewer
  2106 | Sewer    | Reached XP level 5. HP: 43/43 MP: 5/5
  2117 | Sewer    | Reached skill level 5 in Fighting
  2117 | Sewer    | Reached skill level 6 in Polearms
  2177 | Sewer    | Reached XP level 6. HP: 14/52 MP: 6/6
  2180 | Sewer    | Slain by a quokka

Illustrated notes

Levels and vault maps discovered:
D:1:      ncdulo_lavacross, layout_basic, chequers_serial_rivers_micro_a
D:2:      layout_rooms, nicolae_ecumenical_pavilion
D:3:      layout_loops_corners, gammafunk_temple_overflow_forgotten,
          portal_sewer_entry_f
Sewer:    sewer_frog_island_02

Skill      XL: |  1  2  3  4  5 |
---------------+----------------+-----
Fighting       | 4 5 |  5.7
Polearms       | 5 6 |  6.9
Dodging        | |  4.0

Action                     |  1- 3 |  4- 6 || total
---------------------------+-------+-------++-------
  Melee: Spear             |    87 |   177 ||   264
         Tailslap          |       |    15 ||    15
    Use: Potion            |       |     2 ||     2
 Armour: Robe              |     3 |       ||     3
         Scale mail        |    17 |    34 ||    51
  Dodge: Dodged            |    25 |    82 ||   107
